 Dungeon Crawl Stone Soup version 0.24-a0-365-ga4d96b6e6e (webtiles) character file.

Game seed: 17174303042370664448

979 vurker the Cleaver (level 8, 0/71 HPs)
             Began as a Hill Orc Fighter on May 27, 2019.
             Slain by a gnoll
             ... wielding a +2 halberd of flaming
              (1 damage)
             ... on level 4 of the Dungeon.
             The game lasted 00:08:59 (3638 turns).

vurker the Cleaver (Hill Orc Fighter)               Turns: 3638, Time: 00:09:00

Health: 0/71       AC:  9    Str: 23    XL:     8   Next: 17%
Magic:  0/8        EV:  5    Int:  8    God:
Gold:   181        SH:  0    Dex: 10    Spells: 7/7 levels left

rFire    . . .     SeeInvis .   a - +0 war axe
rCold    . . .     Gourm    .   c - +0 shield
rNeg     . . .     Faith    .   h - +0 chain mail
rPois    .         Spirit   +   (no helmet)
rElec    .         Reflect  .   (no cloak)
rCorr    .         Harm     .   (no gloves)
MR       .....                  (no boots)
Stlth    ..........             g - amulet of guardian spirit
HPRegen  0.21/turn              i - +2 ring of strength
MPRegen  0.11/turn              (no ring)

@: confused
A: no striking features
a: no special abilities


You were on level 4 of the Dungeon.
You were not hungry.

You visited 1 branch of the dungeon, and saw 4 of its levels.

You collected 181 gold pieces.

Inventory:

Hand Weapons
 a - a +0 war axe (weapon)
 m - a +2 hand axe of chopping
   (You found it on level 2 of the Dungeon)
Armour
 c - a +0 shield (worn)
 h - a +0 chain mail (worn)
   (You took it off an orc on level 3 of the Dungeon)
Jewellery
 g - an amulet of guardian spirit (around neck)
   (You found it on level 2 of the Dungeon)
 i - a +2 ring of strength (left hand)
   (You found it on level 1 of the Dungeon)
Scrolls
 f - a scroll of fear
 k - a scroll of immolation {!r}
 l - a scroll of remove curse {@r2}
Potions
 d - a potion of cancellation {unknown}
 j - a potion of curing {@q1}
 n - 2 potions of degeneration {unknown}
Comestibles
 e - 5 rations {!d}


   Skills:
 + Level 6.8 Fighting
 * Level 9.4 Axes
 - Level 5.0 Armour
 - Level 3.2 Shields


You had 7 spell levels left.
You didn't know any spells.
Your spell library was empty.

Dungeon Overview and Level Annotations

Branches:
Dungeon (4/15)
 Temple: D:4-7

Altars:


Message History

The gnoll hits you with a +2 halberd of flaming.
* * * LOW HITPOINT WARNING * * *
The gnoll burns you.
* * * LOW HITPOINT WARNING * * *
Something hits you but does no damage. You block the gnoll's attack.
The gnoll hits you but does no damage.
You hear some strange, mumbled words.
You are confused.
Things that are here:
a +0 dagger; a +0 robe The gnoll hits you but does no damage.
You hear some strange, mumbled words.
A puff of flame appears from out of thin air!
The puff of flame hits you.
* * * LOW HITPOINT WARNING * * *
The gnoll barely misses you.
You bump into the stone wall.
The gnoll hits you but does no damage. Something hits you but does no damage.
The gnoll barely misses you.
You bump into the stone wall.
The gnoll hits you from afar with a +0 spear!
* * * LOW HITPOINT WARNING * * *
You hear some strange, mumbled words.
Something tries to affect you, but you resist.
The gnoll hits you with a +2 halberd of flaming!
* * * LOW HITPOINT WARNING * * *
The gnoll burns you.
* * * LOW HITPOINT WARNING * * *
The gnoll hits you but does no damage. Something hits you but does no damage.
Things that are here:
a +0 dagger; a +0 robe You feel better.
The gnoll barely misses you. You block the gnoll's attack.
You hear some strange, mumbled words.
You are confused.
You slash the gnoll! You closely miss something. You closely miss the gnoll.
The gnoll hits you but does no damage.
The gnoll hits you with a +2 halberd of flaming.
* * * LOW HITPOINT WARNING * * *
The gnoll burns you.
* * * LOW HITPOINT WARNING * * *
Something hits you but does no damage.
Your shield and chain mail prevent you from hitting something.
You miss the gnoll. You hit the gnoll but do no damage.
The gnoll hits you but does no damage. Something hits you but does no damage.
The gnoll hits you with a +2 halberd of flaming.
* * * LOW HITPOINT WARNING * * *
The gnoll burns you.
You die...

.(##<......... ...
#......).#..
.####......##....
......go####. .# #......#
.... .......g . ##
###.....###..###......... .
## #.......#.#....#.........
#
.###.......#................
........##.##............###
...##..## ..##..gg.......
....#### ..##)@.......
.....## ..#.[....... ......#
#.)....... ...#..#
#......... ...#..#
##.>....... ...##.#
##.......##.
......#######......###
...##..##.........##
..###..##.........#


You could see 2 gnolls.

Vanquished Creatures
  Grinder (D:3)
  2 phantoms
  A centaur (D:4)
  A scorpion (D:4)
  A crimson imp (D:4)
  3 hounds (D:4)
  3 orc priests
  3 orc wizards
  A worker ant (D:2)
  A gnoll (D:4)
  3 adders
  3 oozes
  A worm (D:4)
  4 dart slugs
  5 leopard geckos
  19 orcs
  2 giant cockroaches (D:2)
  10 goblins
  6 hobgoblins
  3 jackals (D:1)
  6 kobolds
  A ball python (D:1)
  8 bats
  3 frilled lizards
  5 rats
96 creatures vanquished.

Notes
Turn   | Place    | Note
-------+----------+-------------------------------------------
     0 | D:1      | vurker the Hill Orc Fighter began the quest for the Orb.
     0 | D:1      | Reached XP level 1. HP: 19/19 MP: 1/1
    53 | D:1      | Reached skill level 3 in Axes
    93 | D:1      | Reached XP level 2. HP: 27/27 MP: 2/2
   313 | D:1      | Reached XP level 3. HP: 29/33 MP: 3/3
   424 | D:1      | Reached skill level 4 in Axes
   920 | D:2      | Noticed a phantom
  1040 | D:2      | Killed a phantom
  1040 | D:2      | Reached skill level 5 in Axes
  1040 | D:2      | Reached XP level 4. HP: 6/41 MP: 4/4
  1040 | D:2      | Reached XP level 5. HP: 7/47 MP: 5/5
  2561 | D:3      | Noticed Grinder
  2567 | D:3      | Paralysed by Grinder for 2 turns
  2575 | D:3      | Paralysed by Grinder for 7 turns
  2597 | D:3      | Paralysed by Grinder for 4 turns
  2604 | D:3      | Killed Grinder
  2604 | D:3      | Reached skill level 5 in Fighting
  2604 | D:3      | Reached skill level 6 in Axes
  2604 | D:3      | Reached XP level 6. HP: 56/56 MP: 3/6
  2724 | D:3      | Reached skill level 5 in Armour
  2856 | D:3      | Reached skill level 7 in Axes
  2856 | D:3      | Reached XP level 7. HP: 48/61 MP: 4/7
  3185 | D:4      | Reached skill level 8 in Axes
  3578 | D:4      | Reached skill level 9 in Axes
  3578 | D:4      | Reached XP level 8. HP: 65/71 MP: 6/8
  3635 | D:4      | HP: 3/71 [gnoll/+2 halberd of flaming (5)]
  3638 | D:4      | HP: 1/71 [gnoll/+2 halberd of flaming (3)]
  3638 | D:4      | Slain by a gnoll

Levels and vault maps discovered:
D:1:      minmay_arrival_split_and_join, layout_loops_ring,
          minmay_misc_feat_rows, st_stairs_1
D:2:      layout_basic
D:3:      layout_loops_ring, uniq_grinder
D:4:      layout_cave_pools, lemuel_round_altar, first_ration,
          chequers_mini_garden, nicolae_qazlal_style_of_elements

Skill      XL: |  1  2  3  4  5  6  7 |
---------------+----------------------+-----
Axes           | 3 5 6 7 9 |  9.4
Fighting       | 4 5 6 |  6.8
Armour         | 4 5 |  5.0
Shields        | |  3.2

Action                   |  1- 3 |  4- 6 |  7- 9 || total
-------------------------+-------+-------+-------++-------
Melee: War axe           |   103 |   103 |   131 ||   337
  Use: Scroll            |       |     7 |     2 ||     9
       Potion            |       |     3 |     1 ||     4
  Eat: Chunk             |       |     3 |     3 ||     6
       Ration            |       |     1 |       ||     1
Armor: Scale mail        |    39 |    17 |       ||    56
       Chain mail        |       |    22 |   113 ||   135
       Skin              |       |     2 |       ||     2
Dodge: Dodged            |    26 |    26 |    32 ||    84
Block: Shield            |    44 |    52 |    95 ||   191

Table legend:
 A = Non-vault XP
 B = Vault XP
 C = Vault XP percentage of total XP
 D = Non-vault monster count
 E = Vault monster count
 F = Vault count percentage of total count
                 A         B        C        D         E       F
            +---------+---------+-------+---------+---------+-------
      Total |    1122 |     277 |  19.8 |      93 |       3 |   3.1
            +---------+---------+-------+---------+---------+-------
        D:1 |      58 |       5 |   7.9 |      28 |       2 |   6.7
        D:2 |     183 |       0 |   0.0 |      13 |       0 |   0.0
        D:3 |     262 |     272 |  50.9 |      32 |       1 |   3.0
        D:4 |     619 |       0 |   0.0 |      20 |       0 |   0.0
            +---------+---------+-------+---------+---------+-------
